 Dungeon Crawl Stone Soup version 0.31-b1-18-g61460d1e46 (webtiles) character file.

Game seed: 1979235641717181974

42 Legs the Cudgeller (level 3, -1/34 HPs)
             Began as a Minotaur Berserker on Jan 17, 2024.
             Was a Follower of Trog.
             Slain by Grinder (5 damage)
             ... on level 3 of the Dungeon.
             The game lasted 00:04:48 (1468 turns).

Legs the Cudgeller (Minotaur Berserker)             Turns: 1468, Time: 00:04:48

Health: -1/34      AC:  2    Str: 23    XL:     3   Next: 35%
Magic:  2/2        EV: 12    Int:  4    God:    Trog [*.....]
Gold:   47         SH:  0    Dex:  9    Spells: 2/2 levels left

rFire   . . .        a - +0 mace
rCold   . . .        (no shield)
rNeg    . . .        b - +0 animal skin
rPois   .            (helmet restricted)
rElec   .            (no cloak)
rCorr   .            (no gloves)
SInv    .            (no boots)
Will    .....        (no amulet)
Stlth   +            (no ring)
HPRegen 0.25/turn    (no ring)
MPRegen 0.08/turn

%: no passive effects
@: on berserk cooldown, slowed, very slow
A: horns 2, retaliatory headbutt
a: Renounce Religion, Berserk


You were on level 3 of the Dungeon.
You worshipped Trog.
Trog was aware of your devotion.
You visited 1 branch of the dungeon, and saw 3 of its levels.

You collected 47 gold pieces.

Inventory:

Hand Weapons
 a - a +0 mace (weapon)
 o - a +0 mace
Missiles
 c - a throwing net (quivered)
Armour
 b - a +0 animal skin (worn)
 h - a +0 leather armour
Jewellery
 i - a ring of protection from cold
Wands
 k - a wand of iceblast (12)
Scrolls
 d - a scroll of torment {unknown}
 f - a scroll of identify {unknown}
 g - a scroll of blinking {unknown}
 j - a scroll of noise {unknown}
 m - a scroll of teleportation {unknown}
Potions
 e - a potion of resistance {unknown}
 l - 2 potions of curing {unknown}
 n - a potion of heal wounds {unknown}


   Skills:
 + Level 4.3 Fighting
 + Level 4.4 Maces & Flails
 + Level 2.5 Armour
 + Level 2.5 Dodging


You had 2 spell levels left.
You didn't know any spells.
Your spell library was empty.

Dungeon Overview and Level Annotations

Branches:
Dungeon (3/15)

Altars:

Shops:
D:2 [

Annotations:
D:3 Grinder


Innate Abilities, Weirdness & Mutations

You have a pair of horns on your head.
You reflexively headbutt those who attack you in melee.


Message History

You feel yourself moving faster!
You feel mighty! Grinder hits you.
You writhe in agony.
You thump Grinder!
Grinder is moderately wounded.
Grinder says, "Wait up."
Grinder hits you.
You sock Grinder! Your headbutt misses Grinder.
Grinder is heavily wounded.
You hit Grinder.
Grinder is severely wounded.
Grinder blinks!
You feel a strong urge to attack something.
Found a Young Poisoner's Handbook.
You feel your anger nearly subside.
You are no longer berserk.
You are exhausted.
You feel yourself slow down.
A ball python comes into view.
The ball python hisses angrily.
You hear a bark!
A jackal comes into view.
You see here 17 gold pieces.
An endoplasm comes into view.
The endoplasm quivers.
Grinder hits you! Grinder hits you.
* * * LOW HITPOINT WARNING * * *
You writhe in agony.
* * * LOW HITPOINT WARNING * * *
You hit Grinder.
Grinder is severely wounded.
The ball python bites you.
* * * LOW HITPOINT WARNING * * *
The ball python closely misses you. Grinder barely misses you.
The ball python closely misses you. You furiously retaliate!
You headbutt the ball python.
You kill the ball python!
Trog accepts your kill.
You barely miss Grinder. You headbutt Grinder.
Grinder is severely wounded.
The jackal barely misses you. Grinder hits you.
You die...
Grinder says, "Now the real fun starts!"

.. ... ..###..### #
..h.#......
#.#.~~~.#.........:..
##.#.....#...#......#
#...#...#..# #.....#
#....#.#...###$..#
#.....#....##.h.##
#..........#.@#.#
#.....<..##.5##.#
#......)....###.#
#.........J..(.....
#........####...###
#......... .###
#####...##. # #....
.# #.### .


You could see Grinder, an endoplasm and a jackal.

Vanquished Creatures
  An adder (D:2)
  An orc (D:3)
  6 endoplasms
  3 giant cockroaches
  3 hobgoblins
  2 kobolds (D:1)
  A quokka (D:1)
  3 ball pythons
  2 bats
  A frilled lizard (D:2)
  7 rats
30 creatures vanquished.

Notes
Turn   | Place    | Note
-------+----------+-------------------------------------------
     0 | D:1      | Legs the Minotaur Berserker began the quest for the Orb.
     0 | D:1      | Reached XP level 1. HP: 19/19 MP: 0/0
   340 | D:1      | Reached XP level 2. HP: 18/27 MP: 1/1
   847 | D:2      | Found a faded altar of an unknown god.
  1068 | D:2      | Found Naliquim's Armour Boutique.
  1072 | D:2      | Reached XP level 3. HP: 34/34 MP: 2/2
  1449 | D:3      | Noticed Grinder
  1450 | D:3      | Paralysed by Grinder for 5 turns
  1468 | D:3      | Slain by Grinder

Illustrated notes

Levels and vault maps discovered:
D:1:      nicolae_arrival_somewhat_less_tricky_arrival, layout_loops_ring
D:2:      layout_loops_ring, shapermc_ecumenical_altar_venn, serial_shops,
          nicolae_shop_window_shopping
D:3:      layout_rooms, trog_wizard, mainiacjoe_overflow_alcove_1,
          nicolae_ru_awakened_eye, ebering_ghost_sewer_d, uniq_grinder

Skill      XL: |  1  2 |
---------------+-------+-----
Maces & Flails | 4 |  4.4
Fighting       | 4 |  4.3
Armour         | |  2.5
Dodging        | |  2.5

Action                     || total
---------------------------++-------
  Melee: Mace              ||    53
         Headbutt          ||     5
 Invoke: Berserk           ||     1
   Stab: Sleeping          ||     2
 Armour: Animal skin       ||    25
  Dodge: Dodged            ||    28
